 Dungeon Crawl Stone Soup version 0.26-b1-32-g5d43845318 (webtiles) character file.

Game seed: 7149588119655998648

376656 night the Gelid (level 21, -14/175 HPs)
             Began as a Demonspawn Ice Elementalist on Jan 9, 2021.
             Was the Champion of Vehumet.
             Hit by a stone thrown by a vampire knight (22 damage)
             ... while paralysed by a vampire knight
             ... on level 1 of the Depths on Jan 11, 2021.
             The game lasted 03:55:01 (61413 turns).

night the Gelid (Demonspawn Ice Elementalist)      Turns: 61413, Time: 03:55:01

Health: -14/175    AC: 29    Str: 14    XL:     21   Next: 81%
Magic:  2/51       EV:  2    Int: 29    God:    Vehumet [******]
Gold:   2737       SH:  0    Dex: 15    Spells: 9/55 levels left

rFire    . . .     SeeInvis +   b - +7 demon blade (flame)
rCold    . . .     Faith    .   k - +0 buckler of Recklessness {Rampage MP+9}
rNeg     . . .     Spirit   .   L - +2 scale mail "Lishrubbu" {Int+3}
rPois    .         Reflect  .   r - +2 helmet {SInv}
rElec    .         Harm     .   h - +1 cloak
rCorr    .         Rampage  +   I - +2 pair of gloves
Will     +....                  (boots unavailable)
Stlth    ..........             X - amulet of regeneration
HPRegen  0.79/turn              B - +6 ring of strength
MPRegen  0.32/turn              K - ring of wizardry

@: paralysed, sanguine armour, very slightly contaminated
A: hooves 3, foul stench 1, powered by death 3, miasma immunity, subdued magic
1, sanguine armour 2
}: 2/15 runes: decaying, serpentine
a: Renounce Religion


You were on level 1 of the Depths.
You worshipped Vehumet.
Vehumet was exalted by your worship.
You visited 8 branches of the dungeon, and saw 38 of its levels.
You also visited: Ossuary.

You collected 4024 gold pieces.
You spent 1287 gold pieces at shops.

Inventory:

Hand Weapons
 a - the +3 rapier of Immorality {speed, Will- Int+7 Dex+5}
   (You found it on level 6 of the Lair of Beasts)

   Attacks with this weapon are significantly faster.
   It affects your intelligence (+7).
   It affects your dexterity (+5).
   It affects your willpower, your defense against some magical effects.
 b - a +7 demon blade of flaming (weapon)
 Y - the +6 long sword of Propriety {vorpal, rElec rF+ rC- rN+}
   (You found it on level 14 of the Dungeon)

   It inflicts extra damage upon your enemies.
   It protects you from fire.
   It makes you vulnerable to cold.
   It insulates you from electricity.
   It protects you from negative energy.
Missiles
 d - 25 javelins
 n - 63 boomerangs (quivered)
 p - 5 atropa-tipped darts
 s - 3 throwing nets
 y - 21 silver javelins
 H - 6 curare-tipped darts
Armour
 h - a +1 cloak (worn)
 j - +0 acid dragon scales
 k - the +0 buckler of Recklessness (worn) {Rampage MP+9}
   (You found it on level 2 of the Snake Pit)

   It affects your magic capacity (+9).
   It bestows one free step when moving towards enemies.
 r - a +2 helmet of see invisible (worn)
 z - a +2 kite shield of fire resistance
 I - a +2 pair of gloves (worn)
 L - the +2 scale mail "Lishrubbu" (worn) {Int+3}
   (You found it on level 10 of the Dungeon)

   It affects your intelligence (+3).
 Z - the +2 buckler of the Ward {rPois rN+ Int-2}
   (You found it on level 1 of the Orcish Mines)

   It affects your intelligence (-2).
   It protects you from poison.
   It protects you from negative energy.
Magical Staves
 i - an uncursed staff of cold
Jewellery
 g - the ring of the Garden {+Fly rF+}
   (You found it on level 4 of the Lair of Beasts)

   [ring of flight]

   It protects you from fire.
   It lets you fly.
 v - an uncursed ring of magical power
 B - a +6 ring of strength (left hand)
 K - a ring of wizardry (right hand)
 U - an uncursed ring of poison resistance
 X - an amulet of regeneration (around neck)
Wands
 l - a wand of iceblast (35)
 Q - a wand of disintegration (33)
Scrolls
 e - a scroll of summoning
 q - 11 scrolls of magic mapping
 u - 7 scrolls of enchant armour
 A - 9 scrolls of amnesia
 D - 4 scrolls of silence
 G - 3 scrolls of teleportation
 M - 14 scrolls of remove curse
 O - a scroll of blinking
 R - 24 scrolls of identify
 S - 5 scrolls of fog
 V - 5 scrolls of immolation
 W - 4 scrolls of fear
Potions
 c - 7 potions of invisibility
 f - 3 potions of cancellation
 m - a potion of might
 o - 4 potions of heal wounds
 t - 6 potions of lignification
 x - 14 potions of curing
 C - 2 potions of brilliance
 E - 4 potions of resistance
 F - 5 potions of haste
 J - 3 potions of berserk rage
 N - a potion of magic
 P - a potion of ambrosia
Miscellaneous
 w - a phial of floods
 T - a condenser vane


   Skills:
 + Level 17.5 Fighting
 - Level 14.0 Long Blades
 * Level 11.4 Armour
 - Level 2.8 Dodging
 - Level 1.7 Stealth
 - Level 4.0 Shields
 + Level 17.7 Spellcasting
 - Level 12.4 Conjurations
 + Level 18.8 Ice Magic
 - Level 5.3 Poison Magic


You had 9 spell levels left.
You knew the following spells:

 Your Spells              Type           Power        Failure   Level
a - Ozocubu's Refrigerat  Ice            40%          1%          6
b - Absolute Zero         Ice            40%          22%         9
c - Ozocubu's Armour      Ice            80%          0%          3
d - Sublimation of Blood  Necr           9%           2%          2
e - Searing Ray           Conj           100%         0%          2
f - Hailstorm             Conj/Ice       73%          1%          4
g - Olgreb's Toxic Radia  Pois           43%          1%          4
h - Freeze                Ice            100%         0%          1
i - Orb of Destruction    Conj           33%          2%          7
j - Ignition              Fire           9%           99%         8

Your spell library contained the following spells:

 Spells                   Type           Power        Failure   Level
 Lehudib's Crystal Spear  Conj/Erth      23%          88%         8
 Tornado                  Air            9%           99%         9
 Magic Dart               Conj           100%         0%          1
 Frozen Ramparts          Ice            100%         0%          3
 Animate Skeleton         Necr           38%          1%          1
 Apportation              Tloc           38%          1%          1
 Beastly Appendage        Tmut           38%          1%          1
 Corona                   Hex            21%          1%          1
 Pain                     Necr           76%          1%          1
 Shock                    Conj/Air       100%         1%          1
 Summon Small Mammal      Summ           76%          1%          1
 Conjure Flame            Conj/Fire      47%          1%          3
 Mephitic Cloud           Conj/Pois/Air  46%          1%          3
 Spider Form              Tmut/Pois      15%          1%          3
 Static Discharge         Conj/Air       47%          1%          3
 Fulminant Prism          Conj/Hex       23%          1%          4
 Ice Form                 Ice/Tmut       58%          1%          4
 Sticky Flame             Conj/Fire      47%          1%          4
 Summon Ice Beast         Ice/Summ       58%          1%          4
 Irradiate                Conj/Tmut      23%          1%          5
 Iskenderun's Battlesphe  Conj           66%          1%          5
 Lightning Bolt           Conj/Air       23%          1%          5
 Metabolic Englaciation   Hex/Ice        29%          1%          5
 Freezing Cloud           Conj/Ice/Air   30%          1%          6
 Blink                    Tloc           N/A          2%          2
 Call Imp                 Summ           19%          2%          2
 Passwall                 Tmut/Erth      15%          2%          2
 Slow                     Hex            19%          2%          2
 Swiftness                Air            19%          2%          2
 Wereblood                Tmut           19%          2%          2
 Bolt of Magma            Conj/Fire/Erth 19%          2%          5
 Call Canine Familiar     Summ           19%          5%          3
 Confusing Touch          Hex            19%          5%          3
 Gell's Gravitas          Tloc           9%           5%          3
 Lesser Beckoning         Tloc           9%           5%          3
 Summon Guardian Golem    Hex/Summ       19%          5%          3
 Teleport Other           Tloc           19%          5%          3
 Airstrike                Air            9%           5%          4
 Simulacrum               Ice/Necr       29%          6%          6
 Iron Shot                Conj/Erth      23%          7%          6
 Lee's Rapid Deconstruct  Erth           9%           14%         5
 Yara's Violent Unravell  Hex/Tmut       9%           14%         5
 Animate Dead             Necr           9%           17%         4
 Cause Fear               Hex            9%           17%         4
 Leda's Liquefaction      Hex/Erth       9%           17%         4
 Passage of Golubria      Tloc           N/A          17%         4
 Petrify                  Tmut/Erth      19%          17%         4
 Summon Lightning Spire   Summ/Air       19%          17%         4
 Spellforged Servitor     Conj/Summ      23%          30%         7
 Blade Hands              Tmut           9%           45%         5
 Borgnjor's Vile Clutch   Necr/Erth      9%           45%         5
 Silence                  Hex/Air        9%           45%         5
 Death Channel            Necr           9%           95%         6
 Invisibility             Hex            19%          95%         6
 Statue Form              Tmut/Erth      12%          95%         6
 Shatter                  Erth           9%           99%         9
 Discord                  Hex            9%           100%        8
 Dragon's Call            Summ           9%           100%        9


Dungeon Overview and Level Annotations

Branches:
Dungeon (15/15)            Temple (1/1) D:7            Lair (6/6) D:11
  Swamp (4/4) Lair:3        Snake (4/4) Lair:3        Slime (0/5) Lair:6
    Orc (2/2) D:12            Elf (0/3) Orc:2        Vaults (4/5) D:14
  Crypt (0/3) Vaults:2     Depths (2/5) D:15        Ossuary (visited)

Altars:
Ashenzari
Cheibriados
Dithmenos
Elyvilon
Fedhas
Gozag
Hepliaklqana
Kikubaaqudgha
Makhleb
Nemelex Xobeh
Okawaru
Qazlal
Ru
Sif Muna
Trog
Uskayaw
Vehumet
Wu Jian
Xom
Yredelemnul
Zin
The Shining One
Jiyva

Shops:
D:5 !   D:6 (   D:14 ?   Orc:2 (!!}!   Snake:1 [[[(   Vaults:1 :   Vaults:2 :
Depths:1 *

Portals:
Hell: Depths:1
Ziggurat: Depths:1

Annotations:
D:10 2 transporters, rrobere's ghost, journeyman TrBe
Lair:2 1 runed translucent door, Haraddelas's ghost, journeyman OpTm
Lair:6 1 runed translucent door


Innate Abilities, Weirdness & Mutations

You have hooves in place of feet.
You may emit foul miasma when damaged in melee.
You regenerate a lot of health from kills.
You are immune to miasma.
When seriously injured, your bleeding wounds create thick armour. (AC +9)
Your spells are a little easier to cast, but a little less powerful.


Message History

The vampire knight hits you with a +0 dire flail!
* * * LOW HITPOINT WARNING * * *
The vampire knight bites you but does no damage.
The vampire knight throws a stone.
The stone closely misses you.
Casting: Sublimation of Blood (safe; 2% risk of failure)
Confirm with . or Enter, or press ? or * to list all spells.
You draw magical energy from your own body!
The vampire knight throws a stone.
The stone hits you but does no damage.
The vampire knight casts a spell at you.
You suddenly lose the ability to move!
The vampire knight throws a stone.
The stone hits you!
* * * LOW HITPOINT WARNING * * *
The vampire knight throws a stone.
The stone hits you!
* * * LOW HITPOINT WARNING * * *
The vampire knight throws a stone.
The stone hits you!
* * * LOW HITPOINT WARNING * * *
The vampire knight throws a stone.
The stone hits you but does no damage.
The vampire knight throws a stone.
The stone hits you but does no damage.
The vampire knight throws a stone.
The stone hits you!!
You die...

#.#.#..####................
###.#.....###................
#.........#..............##.[
#.........###...........###..
#........##.(...........##...
##........(........#....###..
####.....(..[......#........
#................#.......
#|......@....###..#......
###..§.≈§......#####.#.#.#.
##...§§§≈(.V....)#.#.#.#.###
######..<..§§§.....##........#...
#...........§......#..........#..
........###..§.#...[...........#.
###......##....#............##..#
..........#...###........§..###..
.......................§≈§....##.


You could see a vampire knight (fast, invisible).

Vanquished Creatures
  the Lernaean hydra (Swamp:4)
  Bai Suzhen (Snake:4)
  Vashnia (Snake:4)
  2 caustic shrikes
  A bone dragon (Vaults:2)
  A lich (Depths:1)
  Jorgrun (D:13)
  Asterion (Snake:4)
  Frances (D:12)
  A sphinx (Vaults:4)
  Agnes (Snake:2)
  2 thorn hunters (Swamp:3)
  Donald (Snake:2)
  Roxanne (Snake:2)
  The ghost of Tinen the Brawler, a journeyman TrMo of Wu Jian (Orc:1)
  8 nagarajas (Snake:4)
  2 deep elf sorcerers
  2 fire giants
  3 frost giants
  13 vault wardens
  15 ironheart preservers
  Aizul (Snake:1)
  5 very ugly things
  7 stone giants
  A vampire knight (Depths:1)
  A deep elf demonologist (Vaults:3)
  An entropy weaver (Depths:1)
  A dire elephant (D:15)
  A bunyip (Swamp:1)
  A merfolk javelineer (Orc:1)
  5 ettins
  3 deep elf death magi (Vaults:4)
  2 fire dragons (Vaults:4)
  5 eleionomae
  2 shambling mangroves
  11 yaktaur captains
  A deep elf high priest (Depths:1)
  Josephine (Snake:1)
  4 great orbs of eyes
  Harold (D:7)
  A jiangshi (Depths:2)
  2 ice dragons
  2 rakshasas
  26 anacondas
  3 ghost crabs
  8 naga warriors
  9 vault guards
  18 hydras
  29 two-headed ogres
  11 alligators
  6 boulder beetles
  2 catoblepae
  19 centaur warriors
  4 death knights
  12 ogre magi
  6 tengu warriors
  18 death yaks
  A vampire mage (Depths:2)
  A deep troll earth mage (Depths:2)
  22 naga sharpshooters
  Urug (Lair:5)
  4 deep elf knights
  8 shock serpents
  5 spriggans
  2 fire crabs (shapeshifter)
  2 shadow wraiths (Vaults:3)
  2 skeletal warriors
  4 goliath frogs
  2 sea snakes (Snake:4)
  2 unseen horrors
  4 flayed ghosts
  7 wizards
  A spriggan druid (Swamp:4)
  6 glowing orange brains
  5 bog bodies
  4 phantasmal warriors
  5 naga ritualists
  9 deep trolls
  12 swamp dragons
  4 deep elf archers
  Pikel (D:6)
  A wolf spider zombie (D:14)
  18 ironbrand convokers
  2 necromancers
  6 mana vipers
  18 harpies
  7 deep elf magi
  4 oklob plants (Lair:6)
  7 wolf spiders
  8 orc knights
  A cyclops (shapeshifter) (Depths:1)
  27 ugly things
  6 cyclopes
  8 salamanders
  4 will-o-the-wisps
  5 slime creatures
  A manticore (D:11)
  33 black mambas
  13 vault sentinels
  A guardian serpent (shapeshifter) (Depths:1)
  14 guardian serpents
  8 elephants
  21 naga magi
  27 cane toads
  A cane toad (shapeshifter) (Depths:1)
  A centaur skeleton (D:15)
  3 gargoyles
  A rime drake (Lair:6)
  7 komodo dragons
  A yaktaur (shapeshifter) (Vaults:2)
  A redback zombie (D:14)
  4 kobold demonologists
  9 freezing wraiths
  13 trolls
  37 yaktaurs
  2 bloated husks
  A merfolk (D:15)
  2 meliai (shapeshifter)
  A hornet (shapeshifter) (Vaults:4)
  2 trolls (shapeshifter) (Vaults:4)
  16 tyrant leeches
  11 hornets
  39 blink frogs
  9 dream sheep
  3 wyverns
  9 wraiths
  59 yaks
  3 fire bats (Depths:1)
  A basilisk (Lair:2)
  A yaktaur simulacrum (Vaults:3)
  23 vampire mosquitoes
  A warg (D:12)
  59 nagas
  4 acid dragons
  An acid dragon (shapeshifter) (D:15)
  19 swamp worms
  16 water moccasins
  Duvessa (D:7)
  3 black bears
  7 ice beasts
  26 orc warriors
  9 swamp drakes
  6 sky beasts
  48 ogres
  2 phantoms
  2 eyes of draining
  30 centaurs
  2 necrophages (D:13)
  3 boggarts
  A tengu (shapeshifter) (D:14)
  8 wolves
  A lemure (D:6)
  5 nameless horrors
  7 big kobolds
  26 bullfrogs
  A wyvern skeleton (D:13)
  Dowan (D:7)
  8 scorpions
  18 wights
  A killer bee (D:7)
  2 howler monkeys (D:4)
  5 electric eels
  6 centaur zombies
  2 quasits
  A jelly (D:4)
  2 human zombies (Ossuary)
  5 hounds
  6 bullfrog zombies
  18 orc wizards
  26 orc priests
  Crazy Yiuf (D:7)
  An iguana (D:4)
  11 worker ants
  2 big kobold zombies (Ossuary)
  A hound zombie (D:5)
  3 human simulacra
  2 mummies
  A hound skeleton (D:10)
  Robin (D:3)
  A howler monkey zombie (D:9)
  A worker ant zombie (D:11)
  13 adders
  A howler monkey skeleton (D:9)
  2 river rats (D:11)
  2 shadow imps
  14 white imps
  An ooze (D:1)
  2 adder zombies
  3 adder skeletons
  2 worms (D:2)
  2 dart slugs
  6 leopard geckos
  97 orcs
  5 bats
  6 giant cockroaches
  16 goblins
  7 hobgoblins
  10 jackals
  28 kobolds
  7 quokkas
  3 ball pythons
  3 frilled lizards
  A giant cockroach zombie (D:5)
  3 goblin zombies
  7 hobgoblin zombies (Ossuary)
  2 jackal skeletons
  A jackal zombie (D:5)
  10 kobold zombies
  A leopard gecko skeleton (D:8)
  2 leopard gecko zombies (D:5)
  4 orc zombies (Ossuary)
  2 quokka zombies (D:5)
  7 rats
  9 blocks of ice
  9 briar patches (Swamp:3)
1606 creatures vanquished.

Vanquished Creatures (collateral kills)
  3 hydras
  A boulder beetle (Lair:5)
  A centaur warrior (D:9)
  A two-headed ogre (D:8)
  A death yak (Lair:4)
  4 elephants
  5 cane toads
  3 blink frogs
  7 dream sheep
  2 basilisks (Lair:4)
  5 yaks
  A vampire mosquito (D:10)
  2 swamp worms (Lair:3)
  A water moccasin (Lair:2)
  2 nameless horrors
  4 ice beasts
  A hornet zombie (D:5)
  A necrophage (D:7)
  An eye of draining (D:10)
  2 ogres
  A centaur (D:9)
  2 bullfrogs
  A scorpion (D:6)
  3 wights
  An electric eel (D:8)
  2 centaur zombies
  A jelly (D:9)
  An orc wizard (D:7)
  A centaur skeleton (D:10)
  A hell rat (D:11)
  A mummy (Ossuary)
  An adder (D:8)
  2 orcs (D:7)
  4 kobolds
  2 quokkas (D:7)
  A goblin zombie (Ossuary)
  A hobgoblin zombie (Ossuary)
  A jackal zombie (Ossuary)
  3 kobold zombies (Ossuary)
  3 orc zombies (Ossuary)
  A rat (D:11)
  A rat zombie (Ossuary)
83 creatures vanquished.

Vanquished Creatures (others)
  An ugly thing (Depths:2)
  A salamander (Snake:4)
  A quokka skeleton (D:10)
  64 blocks of ice
  A bush (Lair:5)
  8 foxfires
  56 fungi
  191 plants
  7 toadstools (Swamp:3)
  8 withered plants (D:5)
338 creatures vanquished.

Grand Total: 2027 creatures vanquished

Notes
Turn   | Place    | Note
-------+----------+-------------------------------------------
     0 | D:1      | night the Demonspawn Ice Elementalist began the quest for
                  | the Orb.
     0 | D:1      | Reached XP level 1. HP: 13/13 MP: 3/3
   195 | D:1      | Gained mutation: You have large cloven feet. [demonic
                  | ancestry]
   195 | D:1      | Reached XP level 2. HP: 14/19 MP: 5/5
   561 | D:1      | Reached skill level 4 in Ice Magic
  1374 | D:2      | Gained mutation: You have hoof-like feet. [demonic
                  | ancestry]
  1374 | D:2      | Reached XP level 3. HP: 24/24 MP: 7/7
  1378 | D:2      | Learned a level 3 spell: Frozen Ramparts
  1382 | D:2      | Learned a level 3 spell: Ozocubu's Armour
  2317 | D:2      | Reached XP level 4. HP: 24/30 MP: 8/8
  3433 | D:3      | Gained mutation: When seriously injured, your bleeding
                  | wounds create armour. (AC +9) [demonic ancestry]
  3433 | D:3      | Reached XP level 5. HP: 35/35 MP: 3/10
  3733 | D:3      | Found an ancient bone altar of Kikubaaqudgha.
  3880 | D:3      | Noticed Robin
  3900 | D:3      | Killed Robin
  3901 | D:3      | Reached skill level 5 in Ice Magic
  4648 | D:4      | Reached XP level 6. HP: 19/41 MP: 12/12
  5158 | D:4      | Found an opulent altar of Gozag.
  5670 | D:5      | Entered Level 5 of the Dungeon
  5684 | D:5      | Reached skill level 5 in Spellcasting
  5688 | D:5      | Reached skill level 6 in Ice Magic
  5688 | D:5      | Reached XP level 7. HP: 24/46 MP: 3/14
  6548 | D:6      | Learned a level 4 spell: Summon Ice Beast
  7216 | D:6      | Reached skill level 7 in Ice Magic
  7218 | D:6      | Gained mutation: You are immune to miasma. [demonic
                  | ancestry]
  7218 | D:6      | Reached XP level 8. HP: 41/52 MP: 10/17
  7502 | D:6      | Found Zulaeg's Weapon Shoppe.
  7508 | D:6      | Noticed Pikel
  7547 | D:6      | Killed Pikel
  7715 | D:5      | Found Beuvo's Distillery.
  7936 | D:5      | Bought a potion of curing for 30 gold pieces
  7936 | D:5      | Bought a potion of heal wounds for 50 gold pieces
  7957 | D:5      | Reached skill level 8 in Ice Magic
  8464 | D:5      | Got a distressingly furry helmet
  8474 | D:5      | Identified the cursed -2 helmet "Foohiwk" {*Contam Will+
                  | Str+3} (You found it on level 5 of the Dungeon)
  8494 | D:5      | Gained mutation: Your spells are a little easier to cast,
                  | but a little less powerful. [mutagenic glow]
  8961 | D:6      | Found a blossoming altar of Fedhas.
  9244 | D:7      | Gained mutation: You regenerate a little health from kills.
                  | [demonic ancestry]
  9244 | D:7      | Reached XP level 9. HP: 21/57 MP: 20/20
  9464 | D:7      | Noticed Dowan
  9466 | D:7      | Noticed Duvessa
  9473 | D:7      | Killed Dowan
  9475 | D:7      | Killed Duvessa
  9486 | D:7      | Found a sand-covered staircase.
  9505 | Ossuary  | Entered an ossuary
 10224 | D:7      | Reached skill level 1 in Fighting
 10224 | D:7      | Reached skill level 1 in Long Blades
 10254 | D:7      | Reached skill level 9 in Ice Magic
 10850 | D:7      | Found a staircase to the Ecumenical Temple.
 10856 | Temple   | Entered the Ecumenical Temple
 11264 | Temple   | Became a worshipper of Vehumet
 11429 | D:7      | Noticed Harold
 11466 | D:7      | Killed Harold
 11954 | D:7      | Found a runed translucent door.
 11955 | D:7      | Noticed Crazy Yiuf
 11965 | D:7      | Killed Crazy Yiuf
 12465 | D:8      | Noticed a two-headed ogre
 12496 | D:8      | Killed a two-headed ogre
 12497 | D:8      | Reached XP level 10. HP: 22/70 MP: 10/23
 13063 | D:8      | Noticed a two-headed ogre
 13073 | D:8      | Killed a two-headed ogre
 13623 | D:8      | Reached * piety under Vehumet
 13623 | D:8      | Offered knowledge of Shock by Vehumet.
 13834 | D:9      | Noticed a centaur warrior
 13845 | D:9      | Killed a centaur warrior
 14449 | D:9      | Reached skill level 10 in Ice Magic
 14750 | D:9      | Reached skill level 5 in Fighting
 14993 | D:10     | Entered Level 10 of the Dungeon
 15019 | D:10     | Offered knowledge of Searing Ray by Vehumet.
 15019 | D:10     | Reached ** piety under Vehumet
 15028 | D:10     | Learned a level 2 spell: Searing Ray
 15174 | D:10     | Found a stormy altar of Qazlal.
 15376 | D:10     | Noticed a cyclops
 15403 | D:10     | Noticed a death knight
 15413 | D:10     | Killed a cyclops
 15417 | D:10     | Reached skill level 1 in Conjurations
 15693 | D:10     | Reached skill level 5 in Long Blades
 16016 | D:10     | Killed a death knight
 16017 | D:10     | Gained mutation: You regenerate health from kills. [demonic
                  | ancestry]
 16017 | D:10     | Reached XP level 11. HP: 36/81 MP: 10/24
 16231 | D:10     | Identified the Disquisition on the Entourage and Fire
 16308 | D:10     | Got a heavily runed scale mail
 16346 | D:10     | Identified the +2 scale mail "Lishrubbu" {Int+3} (You found
                  | it on level 10 of the Dungeon)
 16351 | D:10     | Learned a level 4 spell: Hailstorm
 16373 | D:10     | Noticed a centaur warrior
 16383 | D:10     | Killed a centaur warrior
 16507 | D:10     | Offered knowledge of Dazzling Flash by Vehumet.
 16683 | D:10     | Found a bloodstained altar of Trog.
 16683 | D:10     | Noticed rrobere's ghost (journeyman TrBe)
 16683 | D:10     | Noticed a deep troll
 16684 | D:10     | Identified the +7 mace of Spite {antimagic, +Blink}
 16725 | D:10     | Reached skill level 1 in Armour
 16879 | D:10     | Found a transporter.
 16890 | D:10     | Reached skill level 10 in Spellcasting
 16914 | D:10     | Found a transporter.
 17149 | D:10     | Reached *** piety under Vehumet
 17519 | D:11     | Noticed a cyan ugly thing
 17537 | D:11     | Killed a cyan ugly thing
 17678 | D:11     | Found a staircase to the Lair.
 17679 | D:11     | Noticed a death yak
 17679 | D:11     | Noticed a death yak
 17680 | D:11     | Noticed a death yak
 17684 | D:11     | Noticed a boulder beetle
 18325 | D:11     | Killed a boulder beetle
 18349 | Lair:1   | Entered Level 1 of the Lair of Beasts
 18523 | Lair:1   | Offered knowledge of Olgreb's Toxic Radiance by Vehumet.
 18529 | Lair:1   | Learned a level 4 spell: Olgreb's Toxic Radiance
 18690 | Lair:1   | Reached skill level 1 in Poison Magic
 20305 | Lair:2   | Reached XP level 12. HP: 86/91 MP: 9/26
 20722 | Lair:2   | Found a runed translucent door.
 20730 | Lair:2   | Noticed Haraddelas's ghost (journeyman OpTm)
 21010 | Lair:3   | Reached **** piety under Vehumet
 21014 | Lair:3   | Reached skill level 5 in Conjurations
 21081 | Lair:3   | Found a staircase to the Snake Pit.
 21141 | Lair:3   | Reached skill level 5 in Poison Magic
 21242 | Lair:3   | Offered knowledge of Fireball by Vehumet.
 22096 | Lair:3   | Found a staircase to the Swamp.
 22102 | Lair:3   | Reached ***** piety under Vehumet
 22350 | Lair:4   | Reached skill level 11 in Ice Magic
 22351 | Lair:4   | Offered knowledge of Lee's Rapid Deconstruction by Vehumet.
 22409 | Lair:4   | Noticed a four-headed hydra
 22416 | Lair:4   | Killed a four-headed hydra
 22447 | Lair:4   | Reached XP level 13. HP: 73/99 MP: 8/28
 22956 | Lair:4   | Identified the ring of the Garden {+Fly rF+} (You found it
                  | on level 4 of the Lair of Beasts)
 23625 | Lair:5   | Noticed Urug
 23640 | Lair:5   | Killed Urug
 25778 | Lair:5   | HP: 1/102 [death yak (20)]
 26133 | Lair:6   | Entered Level 6 of the Lair of Beasts
 26193 | Lair:5   | Reached XP level 14. HP: 77/109 MP: 27/29
 26460 | Lair:6   | Offered knowledge of Ozocubu's Refrigeration by Vehumet.
 26468 | Lair:6   | Learned a level 6 spell: Ozocubu's Refrigeration
 26479 | Lair:6   | Reached skill level 10 in Fighting
 26690 | Lair:5   | Reached skill level 12 in Ice Magic
 27358 | Lair:5   | Offered knowledge of Freezing Cloud by Vehumet.
 27364 | Lair:5   | HP: 5/111 [poisoned by a cane toad]
 27369 | Lair:5   | HP: 4/111 [poisoned by a cane toad]
 27374 | Lair:5   | HP: 3/111 [poisoned by a cane toad]
 27380 | Lair:5   | HP: 4/111 [poisoned by a cane toad]
 28700 | Lair:6   | Learned a level 7 spell: Orb of Destruction
 29038 | Lair:6   | Found a runed translucent door.
 29038 | Lair:6   | Found a viscous altar of Jiyva.
 29038 | Lair:6   | Found a staircase to the Slime Pits.
 29038 | Lair:6   | Noticed an acid blob
 29055 | Lair:6   | Got a pair of faintly humming boots
 29065 | Lair:6   | Identified the +2 pair of boots "Sairaneo" {rN+} (You found
                  | it on level 6 of the Lair of Beasts)
 29230 | Lair:6   | Got a steaming rapier
 29230 | Lair:6   | Identified the +3 rapier of Immorality {speed, Will- Int+7
                  | Dex+5} (You found it on level 6 of the Lair of Beasts)
 30838 | D:12     | Reached skill level 10 in Long Blades
 31162 | D:12     | Found a staircase to the Orcish Mines.
 31537 | D:12     | Noticed Frances
 31539 | D:12     | Offered knowledge of Eringya's Noxious Bog by Vehumet.
 31543 | D:12     | Killed Frances
 31544 | D:12     | Gained mutation: You regenerate a lot of health from kills.
                  | [demonic ancestry]
 31544 | D:12     | Reached XP level 15. HP: 53/117 MP: 4/31
 31851 | Orc:1    | Entered Level 1 of the Orcish Mines
 32369 | Orc:1    | Found a runed translucent gate.
 32370 | Orc:1    | Found a runed translucent gate.
 32371 | Orc:1    | Found a runed translucent gate.
 32372 | Orc:1    | Noticed Tinen's ghost (journeyman TrMo)
 32373 | Orc:1    | Found an iron altar of Okawaru.
 32435 | Orc:1    | Reached skill level 10 in Conjurations
 32435 | Orc:1    | Reached skill level 13 in Ice Magic
 32438 | Orc:1    | Killed Tinen's ghost
 32463 | Orc:1    | Got a polished buckler
 32468 | Orc:1    | Identified the +2 buckler of the Ward {rPois rN+ Int-2}
                  | (You found it on level 1 of the Orcish Mines)
 32560 | Orc:2    | Entered Level 2 of the Orcish Mines
 32674 | Orc:2    | Found Qoinnala's Gadget Boutique.
 32679 | Orc:2    | Reached skill level 1 in Shields
 33105 | Orc:2    | Found a staircase to the Elven Halls.
 33207 | Orc:2    | Found Odung's Antique Weapon Boutique.
 33209 | Orc:2    | Found Loadgh's Distillery.
 33211 | Orc:2    | Offered knowledge of Conjure Ball Lightning by Vehumet.
 33333 | Orc:2    | Found Toobioh's Distillery.
 33522 | Orc:2    | Found Wopnaev's Distillery.
 33541 | Orc:2    | Bought a glowing demon blade for 576 gold pieces
 34482 | D:13     | Noticed Jorgrun
 34489 | D:13     | Killed Jorgrun
 35213 | D:14     | Offered knowledge of Starburst by Vehumet.
 35428 | D:14     | Gained mutation: When seriously injured, your bleeding
                  | wounds create thick armour. (AC +9) [demonic ancestry]
 35428 | D:14     | Reached XP level 16. HP: 127/127 MP: 20/33
 35682 | D:14     | Reached skill level 14 in Ice Magic
 35791 | D:14     | Found a hide-covered altar of Uskayaw.
 36053 | D:14     | Found a gate to the Vaults.
 36100 | D:14     | Got a steaming long sword
 36101 | D:14     | Identified the +6 long sword of Propriety {vorpal, rElec
                  | rF+ rC- rN+} (You found it on level 14 of the Dungeon)
 36210 | D:14     | Found Ruptit's Magic Scroll Shop.
 36341 | D:15     | Entered Level 15 of the Dungeon
 36662 | D:15     | Found a staircase to the Depths.
 37326 | Snake:1  | Entered Level 1 of the Snake Pit
 37406 | Snake:1  | Noticed Josephine
 37411 | Snake:1  | Killed Josephine
 37444 | Snake:1  | Offered knowledge of Ignition by Vehumet.
 37681 | Snake:1  | Noticed Aizul
 37682 | Snake:1  | Found Taugiuv's Antique Weapon Shop.
 37682 | Snake:1  | Found Ujosch's Antique Armour Boutique.
 37688 | Snake:1  | Killed Aizul
 37797 | Snake:1  | Found Isys Zoz's Antique Armour Shop.
 37800 | Snake:1  | Bought an embroidered cloak for 195 gold pieces
 37800 | Snake:1  | Found Jiusk's Antique Armour Boutique.
 37828 | Snake:1  | Bought a glowing helmet for 240 gold pieces
 38355 | Snake:1  | Reached skill level 15 in Ice Magic
 38436 | Snake:1  | Got a slimy flail
 38436 | Snake:1  | Identified the +7 flail "Newtbane" {vorpal, rPois rN+
                  | Stlth+} (You found it on level 1 of the Snake Pit)
 38955 | Snake:1  | Learned a level 8 spell: Ignition
 39226 | Snake:2  | Found a blossoming altar of Fedhas.
 39239 | Snake:2  | Identified the Disquisition on Confrontation and Black
                  | Secrets
 39254 | Snake:2  | Noticed Agnes
 39321 | Snake:2  | Noticed Donald
 39500 | Snake:2  | Reached XP level 17. HP: 135/135 MP: 29/35
 39567 | Snake:2  | Got a bloodstained buckler
 39577 | Snake:2  | Identified the +0 buckler of Recklessness {Rampage MP+9}
                  | (You found it on level 2 of the Snake Pit)
 39615 | Snake:2  | Killed Agnes
 39718 | Snake:2  | Killed Donald
 39900 | Snake:2  | Noticed Roxanne
 40114 | Snake:2  | Killed Roxanne
 41727 | Snake:3  | Reached ****** piety under Vehumet
 42536 | Snake:4  | Entered Level 4 of the Snake Pit
 42545 | Snake:4  | Noticed Asterion
 42569 | Snake:4  | Killed Asterion
 42744 | Snake:4  | Identified the +6 long sword of Exquisite Death {vorpal,
                  | *Slow Dex+2 Stlth+}
 42745 | Snake:4  | Offered knowledge of Lehudib's Crystal Spear by Vehumet.
 42745 | Snake:4  | Offered knowledge of Tornado by Vehumet.
 42745 | Snake:4  | Offered knowledge of Absolute Zero by Vehumet.
 42766 | Snake:4  | Learned a level 9 spell: Absolute Zero
 43027 | Snake:4  | Reached skill level 16 in Ice Magic
 43321 | Snake:4  | Reached XP level 18. HP: 143/145 MP: 22/36
 43989 | Snake:4  | Noticed Vashnia
 43992 | Snake:4  | Noticed Bai Suzhen
 44291 | Snake:4  | Got a serpentine rune of Zot
 44366 | Snake:4  | HP: 1/146 [Bai Suzhen/torrent of water (36)]
 44578 | Snake:4  | Reached skill level 15 in Spellcasting
 44798 | Snake:4  | Killed Vashnia
 44970 | Snake:4  | Killed Bai Suzhen
 44971 | Snake:4  | Reached skill level 17 in Ice Magic
 45425 | Swamp:1  | Entered Level 1 of the Swamp
 48280 | Swamp:3  | Identified a scroll of acquirement
 48280 | Swamp:3  | Acquired an uncursed staff of cold
 49076 | Swamp:4  | Entered Level 4 of the Swamp
 49589 | Swamp:4  | Reached XP level 19. HP: 154/154 MP: 20/38
 50028 | Swamp:4  | Reached skill level 15 in Fighting
 50208 | Swamp:4  | Noticed the 27-headed Lernaean hydra
 50226 | Swamp:4  | Killed the 27-headed Lernaean hydra
 50482 | Swamp:4  | Got a decaying rune of Zot
 50881 | Vaults:1 | Entered Level 1 of the Vaults
 51585 | Vaults:1 | Found a ruined gateway.
 51722 | Vaults:1 | Found Giwn's Book Emporium.
 52443 | Vaults:1 | Reached skill level 18 in Ice Magic
 53823 | Vaults:2 | Gained mutation: You have hooves in place of feet. [demonic
                  | ancestry]
 53823 | Vaults:2 | Reached XP level 20. HP: 139/164 MP: 27/40
 54121 | Vaults:2 | Paralysed by a great orb of eyes for 6 turns
 54134 | Vaults:2 | Reached skill level 5 in Armour
 54403 | Vaults:2 | Noticed a bone dragon
 54432 | Vaults:2 | Killed a bone dragon
 54687 | Vaults:2 | Found a staircase to the Crypt.
 54829 | Vaults:2 | Found Logicwet's Book Boutique.
 57287 | Vaults:4 | Paralysed by a hornet for 3 turns
 57740 | Vaults:4 | Gained mutation: You may emit foul miasma when damaged in
                  | melee. [demonic ancestry]
 57740 | Vaults:4 | Reached XP level 21. HP: 173/173 MP: 35/42
 57870 | Vaults:4 | Paralysed by a great orb of eyes for 4 turns
 58838 | Vaults:4 | Reached skill level 10 in Armour
 59386 | Depths:1 | Entered Level 1 of the Depths
 59619 | Depths:1 | Found a gateway to a ziggurat.
 59721 | Depths:1 | Found a gateway to Hell.
 59994 | Depths:1 | Found an ancient bone altar of Kikubaaqudgha.
 59994 | Depths:1 | Found Tunedill's Sacrilege Store.
 60004 | Depths:1 | Learned a level 2 spell: Sublimation of Blood
 60284 | Orc:2    | Bought a potion of heal wounds for 60 gold pieces
 60284 | Orc:2    | Bought a potion of curing for 36 gold pieces
 60523 | D:5      | Bought a potion of heal wounds for 50 gold pieces
 60523 | D:5      | Bought a potion of heal wounds for 50 gold pieces
 60931 | Depths:2 | Noticed a caustic shrike
 61063 | Depths:1 | Killed a caustic shrike
 61195 | Depths:2 | Paralysed by a vampire knight for 5 turns
 61370 | Depths:2 | Noticed a caustic shrike
 61371 | Depths:2 | Killed a caustic shrike
 61391 | Depths:2 | Paralysed by a vampire knight for 2 turns
 61409 | Depths:1 | Paralysed by a vampire knight for 7 turns
 61411 | Depths:1 | HP: 7/175 [vampire knight/stone (8)]
 61413 | Depths:1 | Hit by a stone thrown by a vampire knight

Illustrated notes

Levels and vault maps discovered:
D:1:      dpeg_arrival_rooms_b, layout_basic, chequers_serial_rivers_large_b,
          minmay_hedge_maze
D:2:      layout_basic
D:3:      layout_basic, lemuel_round_altar, st_stairs_8, uniq_robin
D:4:      layout_rooms, amcnicky_altar_gilded
D:5:      layout_cave_pools, serial_shops, shop, serial_undead, serial_undead_d,
          serial_undead_b, serial_undead_e, serial_undead_b, serial_undead_f,
          serial_undead_f, serial_park_tiny_1, dk_noncrumbling_4
D:6:      layout_cave_pods, serial_shops, nicolae_shop_statue_plus,
          fedhas_altar_fruit_tree, uniq_pikel
D:7:      cheibrodos_fzero, layout_loops_ring, minmay_temple_entry_wispy,
          nicolae_ossuary_entry_giza, minmay_between, uniq_duvessa, uniq_harold,
          uniq_crazy_yiuf_cottage
D:8:      layout_basic, minmay_misc_feat_doors
D:9:      layout_rooms
D:10:     minmay_cut_squares, layout_gridville,
          gammafunk_ghost_wrathful_warriors, glass_columns_a,
          hangedman_decor_lopped, minmay_liquid_box, grunt_qazlal_clouds
D:11:     layout_loops_ring, dpeg_lair_monsters
D:12:     layout_basic, erik_orc_3, nicolae_straight_to_the_point, uniq_frances
D:13:     layout_cave_pods, statue_in_the_mist_lemuel, bh_circular_ruins,
          uniq_jorgrun
D:14:     layout_rooms, hangedman_vaults_entry_quadrant_bands,
          lemuel_crystal_altar, serial_shops, shop
D:15:     hangedman_depths_entry_try_elsewhere_first, layout_small_grid,
          hangedman_decor_growths
Temple:   compressed_dpeg_triangle_lava_temple
Lair:1:   layout_small_grid, minivault_26
Lair:2:   layout_chaotic_city, ebering_ghost_reflecting_pool,
          chequers_serial_rivers_small_3, beast_lair_carwin_2
Lair:3:   layout_long_grid, nicolae_swamp_entry_splash_gauntlet,
          minmay_snake_entry_guardpost_small, cheibrodos_lair_caveside_slide,
          infiniplex_staircase_pool
Lair:4:   layout_hall_layers, disabler_island
Lair:5:   layout_regular_city, nzn_sisyphean_effort, uniq_urug
Lair:6:   minmay_lair_end_frog_pond, layout_gridlike, slime_altar_2,
          portal_ice_cave_entry_imps, minmay_lair_oklob_chamber
Swamp:1:  layout_basic_swamp, evilmike_swamp_ruin_house_2, swamp_pool3
Swamp:2:  layout_basic_swamp, hangedman_swamp_ruin_wall
Swamp:3:  cheibrodos_swamp_tower_of_moss, layout_basic_swamp,
          evilmike_swamp_ruin_house_1, swamp_pool1
Swamp:4:  swamp_old_school, layout_basic_swamp
Snake:1:  hangedman_cross_stitches, layout_honeycomb, minmay_shoptagon,
          uniq_josephine, uniq_aizul
Snake:2:  layout_onion, basic_altar, uniq_agnes, uniq_donald, uniq_roxanne
Snake:3:  layout_layer_cave, chequers_hall_statues_y, grunt_megastairs_2,
          serial_bayou_shore_b
Snake:4:  grunt_snake_rune_serpentine_throne, layout_rooms, serial_corexii_hall,
          corexii_hall_statues_t, corexii_hall_statues_i, serial_bayou_lagoon_a,
          uniq_bai_suzhen, uniq_asterion, uniq_vashnia
Orc:1:    layout_caves, gammafunk_ghost_fury_of_okawaru
Orc:2:    st_orc_open, layout_diamond_mine, serial_shops, shop_fountains
Vaults:1: vaults_dpeg_spiral, hangedman_vaults_impose, v_pattern_5,
          vaults_mumra_minichess, vaults_mumra_lcd, layout_vaults_quadrants,
          serial_shops, nicolae_shop_statue_plus,
          portal_desolation_entry_nicolae_slug
Vaults:2: ontoclasm_vaults_shuriken, minmay_crypt_entry_nasty_monster, v_misc_1,
          nicolae_vaults_what_the_h, vaults_dpeg_cross, ontoclasm_vaults_pinch,
          nicolae_vaults_shelves_hall, vaults_room_hallway, v_misc_16,
          vaults_room_mumra_shop_pool, v_misc_1, st_check,
          ontoclasm_vaults_fault, layout_vaults_omnicross
Vaults:3: v_misc_16, kb_rosetta, ontoclasm_vaults_hangar,
          hangedman_vaults_corner, hangedman_vaults_corner_blocks,
          vaults_room_octagon, v_misc_3, v_misc_31, layout_vaults_ring
Vaults:4: v_misc_22, st_hourglassy, vaults_room_hallway, hangedman_vaults_hat,
          nicolae_vaults_network_quincunx
          [nicolae_vaults_network_quincunx_subvault,
          nicolae_vaults_network_quincunx_subvault,
          nicolae_vaults_network_quincunx_subvault,
          nicolae_vaults_network_quincunx_subvault,
          nicolae_vaults_network_quincunx_subvault], ontoclasm_vaults_twist,
          hangedman_vaults_stream, v_alt_pattern_2, nicolae_vaults_network_s,
          grunt_vaults_focal, ontoclasm_vaults_spin,
          ontoclasm_vaults_decontamination, layout_vaults_omnibox
Depths:1: layout_cave_pools, enter_ziggurat_e, hell_entry,
          hangedman_abyss_or_decor_slice, chequers_serial_rivers_small_a,
          nicolae_evil_shop
Depths:2: hangedman_pleasuredromes, hell_entry

Skill      XL: |  1  2  3  4  5  6  7  8  9 10 11 12 13 14 15 16 17 18 19 20 21 |
---------------+----------------------------------------------------------------+-----
Ice Magic      | 4 5 6 7 8 9 10 11 12 13 15 16 17 18 | 18.8
Spellcasting   | 3 4 5 6 7 9 10 11 12 13 14 15 16 17 | 17.7
Fighting       | 3 5 7 8 9 10 11 12 13 14 16 17 | 17.5
Long Blades    | 3 5 6 7 8 10 11 12 13 14 | 14.0
Conjurations   | 2 4 6 8 9 10 11 12 | 12.4
Armour         | 2 4 9 11 | 11.4
Dodging        | 2 |  2.8
Poison Magic   | 3 5 |  5.3
Shields        | 4 |  4.0
Stealth        | |  1.7

Action                   |  1- 3 |  4- 6 |  7- 9 | 10-12 | 13-15 | 16-18 | 19-21 || total
-------------------------+-------+-------+-------+-------+-------+-------+-------++-------
Melee: Dagger            |    88 |   119 |   137 |       |       |       |       ||   344
       Unarmed           |     2 |       |       |       |       |       |       ||     2
       Hand axe          |     1 |       |       |       |       |       |       ||     1
       Kick              |     1 |       |       |       |       |       |   150 ||   151
       Falchion          |       |       |   246 |   238 |       |       |       ||   484
       Short sword       |       |       |       |    15 |    23 |       |       ||    38
       Scimitar          |       |       |       |   108 |   225 |       |       ||   333
       Rapier            |       |       |       |       |    73 |    74 |   145 ||   292
       Demon blade       |       |       |       |       |    59 |   418 |   313 ||   790
       Long sword        |       |       |       |       |       |    26 |       ||    26
Throw: Dart              |       |       |     9 |     2 |     3 |       |       ||    14
       Boomerang         |       |       |       |       |     1 |     7 |     3 ||    11
 Cast: Freeze            |     7 |     7 |    11 |    35 |    33 |       |       ||    93
       Frozen Ramparts   |       |    10 |    33 |    86 |    34 |     2 |       ||   165
       Ozocubu's Armour  |       |     1 |    15 |    33 |    16 |       |       ||    65
       Summon Ice Beast  |       |       |    34 |    93 |    61 |       |       ||   188
       Hailstorm         |       |       |       |    11 |     2 |       |       ||    13
       Searing Ray       |       |       |       |     2 |       |       |     1 ||     3
       Olgreb's Toxic Ra |       |       |       |    17 |    34 |       |       ||    51
       Ozocubu's Refrige |       |       |       |       |   226 |   366 |   269 ||   861
       Orb of Destructio |       |       |       |       |     7 |    53 |    17 ||    77
       Absolute Zero     |       |       |       |       |       |     3 |    71 ||    74
       Sublimation of Bl |       |       |       |       |       |       |     3 ||     3
 Abil: Evoke Flight      |       |       |       |       |     1 |       |       ||     1
Evoke: Phial of floods   |       |       |     1 |       |       |     2 |       ||     3
       Wand              |       |       |       |    10 |     7 |     5 |       ||    22
       Condenser vane    |       |       |       |       |     1 |     2 |       ||     3
  Use: Scroll            |     3 |     4 |     9 |     7 |    15 |    16 |     2 ||    56
       Potion            |       |       |     7 |     3 |     5 |     1 |       ||    16
 Stab: Sleeping          |     6 |     2 |     2 |       |       |       |       ||    10
       Distracted        |       |     1 |     1 |     4 |     3 |       |       ||     9
Armor: Robe              |    12 |    50 |   165 |       |       |       |       ||   227
       Leather armour    |       |       |    56 |    84 |       |       |       ||   140
       Scale mail        |       |       |       |   159 |   273 |   293 |   249 ||   974
       Skin              |       |       |       |       |       |     1 |       ||     1
Dodge: Dodged            |    49 |    49 |   375 |   263 |   240 |   224 |   202 ||  1402
Block: Kite shield       |    14 |    23 |       |       |       |       |       ||    37
       Buckler           |       |       |       |       |    20 |   196 |   121 ||   337
       Rpst.: Falchion   |       |       |    67 |    57 |       |       |       ||   124
       Scimitar          |       |       |       |    16 |    46 |       |       ||    62
       Demon blade       |       |       |       |       |       |    41 |    20 ||    61
       Long sword        |       |       |       |       |       |     6 |       ||     6
